 Dungeon Crawl Stone Soup version 0.18-a0-875-ga513d27 (webtiles) character file.

121 root the Skirmisher (level 4, 0/39 HPs)
             Began as a Centaur Fighter on Dec 21, 2015.
             Killed from afar by an orc wizard (2 damage)
             ... with a magic dart
             ... on level 3 of the Dungeon.
             The game lasted 00:11:25 (2946 turns).

root the Skirmisher (Centaur Fighter)               Turns: 2946, Time: 00:11:25

Health: 0/39       AC:  7    Str: 18    XL:     4   Next: 76%
Magic:  4/4        EV:  5    Int:  7    God:
Gold:   117        SH:  0    Dex: 10    Spells: 0 memorised, 3 levels left

rFire  . . .     SeeInvis .     a - +0 long sword
rCold  . . .     Gourm    .     b - +0 scale mail
rNeg   . . .     Faith    .     c - +0 shield
rPois  .         Spirit   .     u - +1 hat
rElec  .         Dismiss  .     (no cloak)
rCorr  .         Reflect  .     (no gloves)
SustAt .         Harm     .     (no barding)
MR     .....                    (no amulet)
Stlth  ..........               (no ring)
                                (no ring)

@: confused, very quick, not resistant to hostile enchantments, extremely
unstealthy
A: hooves 3, deformed body, speed 2, tough skin 3
a: no special abilities


You were on level 3 of the Dungeon.
You were not hungry.

You visited 1 branch of the dungeon, and saw 4 of its levels.

You collected 117 gold pieces.

Inventory:

Hand Weapons
 a - a +0 long sword (weapon)
Missiles
 e - 61 arrows
Armour
 b - a +0 scale mail (worn)
 c - a +0 shield (worn)
 u - a +1 hat (worn)
Jewellery
 n - an uncursed ring of flight {unknown}
Wands
 v - a wand of flame (31/48)
Scrolls
 g - 2 scrolls of teleportation {unknown}
 i - a scroll of immolation {unknown}
 j - 3 scrolls of identify {unknown}
 s - a scroll of enchant armour {unknown}
Potions
 d - a potion of might
 h - a potion of lignification {unknown}
 k - a potion of curing {unknown}
 l - a potion of degeneration {unknown}
 m - a potion of cancellation {unknown}
 o - a potion of heal wounds {unknown}
 q - 2 potions of flight {unknown}
 r - a potion of poison {unknown}
Comestibles
 f - 4 bread rations
 p - 5 fruits
 t - 2 chunks of flesh


   Skills:
 + Level 3.6 Fighting
 + Level 2.1 Long Blades
 + Level 2.6 Armour
 + Level 0.7 Dodging
 + Level 3.1 Shields


You had 3 spell levels left.
You didn't know any spells.

Dungeon Overview and Level Annotations

Branches:
Dungeon (4/15)
 Temple: D:4-7

Altars:
Ashenzari
Cheibriados
Qazlal
Ru


Innate Abilities, Weirdness & Mutations

You have hooves in place of feet.
Armour fits poorly on your strangely shaped body.
You cover ground very quickly.
You have extremely tough skin (AC +3).


Message History

Something hits you but does no damage. Something hits you but does no damage.
You bump into the rock wall.
You bump into the rock wall.
The orc barely misses you.
Your scale mail prevents you from hitting the orc.
Your kick misses the orc. The orc hits you.
* * * LOW HITPOINT WARNING * * *
Something hits you but does no damage. The orc hits you.
* * * LOW HITPOINT WARNING * * *
You bump into the rock wall.
You feel less confused.
You hear some strange, mumbled words.
You are confused.
The orc hits you but does no damage.
You hit the orc.
The orc is moderately wounded.
You hear some strange, mumbled words.
A magic dart appears from out of thin air!
The magic dart hits you!
You die...

.##########.....### #.###.##.##
.#........#....## ##...###.#
.#.######.#..#.# ##.## #.##
.#.#...(#.#.##.# #.# #...
.#.#.#..#.#.##.##########.# ####
.#.#.####.#.##.##.........#######
)#.#......#.##.##.##.............
.#.########.##.##.#....>#........
.#...(...(..)...@o.......######.#
.##########.#######.....## #.#
............# ##...## #.#
.........#### ##.## #.#
########## ### ###.# #.... #.#.#
#.#.# #.#..


You could see an orc.

Vanquished Creatures
  5 adders
  3 worms
  2 orcs (D:3)
  12 bats
  3 giant cockroaches
  5 hobgoblins
  10 jackals
  A quokka (D:3)
  A ball python (D:2)
  2 giant geckos
  5 giant newts
  4 goblins
  6 kobolds
  5 rats
64 creatures vanquished.

Notes
Turn   | Place    | Note
--------------------------------------------------------------
     0 | D:1      | root the Centaur Fighter began the quest for the Orb.
     0 | D:1      | Reached XP level 1. HP: 19/19 MP: 1/1
   221 | D:1      | Reached XP level 2. HP: 26/26 MP: 2/2
   950 | D:2      | Reached XP level 3. HP: 17/31 MP: 3/3
  1761 | D:2      | Reached XP level 4. HP: 35/38 MP: 4/4
  2204 | D:3      | Found a sacrificial altar of Ru.
  2371 | D:3      | Found a snail-covered altar of Cheibriados.
  2388 | D:3      | Found a stormy altar of Qazlal.
  2430 | D:3      | Found a shattered altar of Ashenzari.
  2946 | D:3      | Killed from afar by an orc wizard

Vault maps used:
D:1:      dpeg_arrival_stone_temple_mockup, minmay_liquid_box
D:3:      nicolae_overflow_quartered_altars, st_stairs_3, minivault_5
D:4:      first_bread, serial_co_window_serial, co_window_paths_a,
          co_window_paths_a, co_window_paths_a, co_window_paths_a,
          co_window_paths_a, co_window_broadway_b, co_window_2corner,
          co_window_broadway_a, co_window_corner_b, co_window_corner_ca,
          co_window_broadway_c, co_window_of_opportunity_b, co_window_4corner_b,
          glass_columns_b, glass_columns_a, glass_columns_b, glass_columns_b,
          glass_columns_a, uniq_eustachio

Action                   |  1- 3 |  4- 6 || total
-------------------------+-------+-------++-------
Melee: Long sword        |   162 |    94 ||   256
  Eat: Chunk             |     2 |     4 ||     6
